AoeStats
← B!G SPARKY

Fortress

509208378Analyzed
2v2 RM · 7d ago on Sep 25, 2026· 26m 21s· 4 players
Game mode
Random Map
Map size
Normal (6 player)
Population
200
Speed
Normal
Resources
Standard
Victory
Conquest
Starting age
Dark Age
Ending age
Imperial Age
RankedLock teamsTeams togetherTeam positionsShared explorationLock speedFull tech treeHidden civsTurbo modeCheats
Victory
Defeat
🇦🇷 Bohemians · Argentina
1168
+14
🇦🇷 Malay · Argentina
1155
+14
🇹🇷 Khmer · Türkiye
1152
-15
🇹🇷 Goths · Türkiye
1083
-13
BerenjenAsesina
6:52 Feudal Age
5:07 Loom
7:40 Double-Bit Axe
12:28 Castle Age
10:31 Horse Collar
11:51 Fletching
14:10 Bow Saw
13:45 Pikeman
14:37 Town Watch
20:28 Scale Mail Armor
22:50 Squires
24:30 Chain Mail Armor
Jafrid
7:44 Feudal Age
11:15 Castle Age
10:45 Forging
10:31 Double-Bit Axe
10:33 Horse Collar
11:47 Loom
13:24 Arson
18:04 Squires
21:21 Wheelbarrow
HolyGhost
8:38 Feudal Age
11:18 Castle Age
14:28 Loom
B!G SPARKY
7:26 Feudal Age
8:23 Horse Collar
12:25 Castle Age
12:14 Double-Bit Axe
12:39 Scale Mail Armor
12:50 Forging
Connection lost

Rejoining the realm…

Still unreachable

The connection could not be restored.

Session expired

The server has moved on; the page needs a fresh start.